Map: Fields of Shazir

Players

GraySleet - Winner!

  • Race: Protoss Protoss
  • League: Silver
  • Spawn Location: 7:00

Freshrain - Winner!

  • Race: Zerg Zerg
  • Spawn Location: 9:00

wickizer - Winner!

  • Race: Terran Terran
  • Spawn Location: 9:00

Eureka

  • Race: Zerg Zerg
  • League: Gold
  • Spawn Location: 5:00

Metasapien

  • Race: Zerg Zerg
  • League: Platinum
  • Spawn Location: 3:00

Kswiss

  • Race: Protoss Protoss
  • Spawn Location: 3:00

VOD

Have the link to the VOD?

Description

Time

  • Played on: Sept. 17, 2017, 7:52 p.m.
  • Length: 8:36
Show
View Real Time Build Order
Export as new Build Order

GraySleet Protoss - Winner!

Build Orders:  

Get SALT Encoding   

  12  0:01  Probe (Chrono Boost)  
  13  0:12  Probe (Chrono Boost)  
  14  0:20  Pylon  
  14  0:32  Assimilator  
  14  0:36  Probe (Chrono Boost)  
  15  0:49  Probe (Chrono Boost)  
  16  0:53  Gateway  
  16  1:00  Probe (Chrono Boost), Assimilator  
  17  1:11  Probe (Chrono Boost)  
  18  1:21  Probe (Chrono Boost)  
  19  1:32  Probe (Chrono Boost)  
  20  1:42  Probe (Chrono Boost)  
  21  1:53  Probe (Chrono Boost)  
  22  2:03  Probe (Chrono Boost), Cybernetics Core  
  23  2:10  Forge  
  23  2:30  Pylon  
  23  2:32  Pylon  
  23  2:42  Stargate  
  23  2:49  Probe (Chrono Boost)  
  23  2:50  Photon Cannon  
  24  2:52  Photon Cannon  
  24  3:01  Mothership Core (Chrono Boost)  
  26  3:29  Pylon  
  29  3:54  Void Ray (Chrono Boost)  
  30  4:04  Assimilator  
  30  4:06  Assimilator  
  30  4:16  Robotics Facility  
  34  4:31  Void Ray (Chrono Boost)  
  34  4:41  Nexus  
  34  4:46  Assimilator  
  34  5:09  Void Ray (Chrono Boost)  
  38  5:21  Pylon  
  38  5:23  Probe  
  39  5:35  Probe  
  40  5:46  Void Ray (Chrono Boost)  
  40  5:47  Probe  
  45  5:51  Probe  
  46  5:59  Probe  
  46  6:02  Probe  
  48  6:11  Probe  
  48  6:12  Probe  
  50  6:23  Void Ray (Chrono Boost), Probe  
  55  6:35  Probe x2  
  57  6:45  Probe  
  57  6:48  Probe  
  59  6:56  Probe  
  59  7:00  Void Ray (Chrono Boost), Probe  
  65  7:07  Probe  
  66  7:12  Probe  
  67  7:17  Probe  
  68  7:24  Probe  
  68  7:28  Probe  
  70  7:45  Pylon  
  70  7:46  Pylon  
  70  7:47  Pylon  
  70  7:51  Pylon  
  70  7:53  Pylon  
  70  8:01  Probe  
  70  8:03  Probe  
  76  8:15  Probe  
Show
View Real Time Build Order
Export as new Build Order

Freshrain Zerg - Winner!

Build Orders: Pool First 

Get SALT Encoding   

  12  0:03  Drone  
  13  0:11  Drone  
  14  0:20  Overlord  
  14  0:40  Spawning Pool  
  14  0:42  Drone x2  
  15  0:59  Drone x2  
  17  1:04  Extractor  
  16  1:17  Hatchery  
  15  1:20  Drone  
  15  1:24  Drone  
  17  1:38  Drone x2  
  19  1:47  Drone  
  20  2:01  Spine Crawler  
  20  2:02  Queen  
  20  2:03  Overlord  
  21  2:08  Metabolic Boost  
  21  2:27  Zergling x4  
  23  2:30  Zergling x4  
  25  2:37  Spore Crawler  
  24  2:44  Zergling x4  
  26  2:52  Queen  
  26  2:55  Zergling x2  
  26  2:56  Zergling x2  
  30  3:03  Zergling x4  
  32  3:14  Zergling x8  
  36  3:45  Overlord  
  36  3:46  Overlord  
  35  3:52  Overlord x2  
  35  4:06  Zergling x2  
  35  4:07  Zergling x10  
  41  4:20  Evolution Chamber  
  41  4:24  Zergling x6  
  41  4:29  Zergling x2  
  44  4:50  Zergling x12  
  40  5:08  Zergling x10  
  33  5:25  Zergling x8  
  37  5:36  Zerg Melee Weapons Level 1  
  36  5:44  Zergling x2  
  36  5:45  Zergling x4  
  28  6:30  Zergling x16  
  36  6:34  Lair  
  36  6:38  Extractor  
  35  7:00  Overlord  
  35  7:01  Overlord  
  35  7:02  Zergling x8  
  35  7:41  Zergling x12  
  39  8:06  Zergling x2  
  38  8:13  Zergling x14  
Show
View Real Time Build Order
Export as new Build Order

wickizer Terran - Winner!

Build Orders: MMM Bio 

Get SALT Encoding   

  12  0:01  SCV  
  13  0:13  SCV  
  14  0:25  SCV  
  15  0:31  Supply Depot  
  15  0:48  Supply Depot  
  15  0:52  SCV  
  15  0:54  Barracks  
  16  1:05  SCV  
  17  1:11  Barracks  
  17  1:18  Refinery, SCV  
  18  1:30  SCV  
  19  1:41  Marine  
  19  1:42  SCV  
  21  1:58  Marine  
  22  2:12  Marine  
  23  2:16  Marine  
  23  2:22  Refinery, SCV  
  25  2:23  Command Center  
  25  2:34  SCV, Marine x2  
  28  2:41  Supply Depot  
  28  2:46  SCV  
  29  2:58  SCV  
  30  3:10  Supply Depot  
  30  3:13  Engineering Bay  
  30  3:15  Orbital Command  
  30  3:23  Barracks Tech Lab  
  30  3:26  Barracks Reactor  
  30  3:35  Factory  
  30  3:44  Terran Infantry Weapons Level 1  
  30  3:49  Stimpack  
  30  3:50  Marine  
  30  3:53  SCV x2  
  33  4:05  SCV x2, Marine  
  33  4:07  Marine  
  33  4:09  Marauder  
  39  4:17  SCV x2  
  39  4:23  Marine  
  42  4:24  Marine  
  42  4:28  Factory Tech Lab  
  42  4:29  SCV  
  42  4:30  Marauder  
  46  4:38  Starport  
  46  4:41  Marine  
  46  4:42  Marine  
  48  4:48  Siege Tank  
  48  4:50  SCV  
  48  4:52  Marauder  
  54  4:59  Marine  
  55  5:00  Marine  
  56  5:13  Marauder  
  58  5:14  Starport Reactor  
  58  5:15  Supply Depot  
  58  5:24  Refinery  
  58  5:25  Refinery, SCV x2  
  60  5:36  Armory  
  60  5:37  SCV  
  60  5:38  Supply Depot  
  60  5:39  SCV  
  62  5:49  SCV  
  63  5:50  Combat Shields  
  63  5:51  SCV  
  63  5:54  Medivac x2  
  68  5:57  Marine x2  
  68  6:01  SCV  
  68  6:03  Marauder, SCV  
  74  6:08  Siege Tank  
  77  6:13  SCV  
  78  6:22  Supply Depot  
  78  6:23  Terran Infantry Armor Level 1  
  78  6:24  Supply Depot  
  78  6:33  Orbital Command  
  78  6:44  Marauder  
  78  6:45  Barracks  
  80  6:48  Barracks  
  76  7:31  Marine x3  
  76  7:33  Siege Tank, Medivac x2  
  86  7:49  Marine x3  
  81  8:03  Medivac x2  
  88  8:06  Marine x2  
  88  8:07  Marine  
Show
View Real Time Build Order
Export as new Build Order

Eureka Zerg 

Build Orders: Hatch First, Swarm Host 

Get SALT Encoding   

  12  0:02  Drone  
  13  0:14  Drone  
  13  0:18  Overlord  
  14  0:25  Extractor  
  14  0:27  Drone  
  14  0:38  Drone x2  
  16  0:47  Drone  
  17  1:07  Drone  
  17  1:11  Hatchery  
  17  1:12  Drone  
  18  1:28  Drone  
  19  1:36  Spawning Pool  
  19  1:37  Extractor  
  19  1:38  Drone  
  18  1:43  Drone  
  19  1:52  Drone  
  19  2:31  Drone x4  
  19  2:35  Hatchery  
  22  2:45  Roach Warren  
  21  2:56  Drone x2  
  21  2:57  Drone  
  24  3:08  Spore Crawler  
  23  3:21  Overlord, Spore Crawler  
  22  3:31  Overlord  
  22  3:43  Drone x3  
  22  3:44  Drone x2  
  27  3:57  Queen  
  29  4:13  Lair  
  29  4:15  Roach  
  29  4:16  Roach x2  
  35  4:20  Roach  
  37  4:25  Drone x2  
  37  4:27  Drone  
  37  4:30  Drone  
  41  4:33  Drone  
  41  4:35  Drone  
  41  4:37  Drone  
  44  4:46  Extractor  
  44  4:48  Extractor  
  42  4:56  Roach  
  42  4:57  Roach x3  
  50  5:17  Glial Reconstitution  
  50  5:21  Spire  
  50  5:24  Infestation Pit  
  48  5:33  Overlord x2, Roach  
  48  5:34  Overlord x2  
  48  5:46  Roach x2  
  44  5:50  Roach x3  
  46  6:19  Drone x4  
  46  6:20  Drone x7  
  55  6:46  Drone x7  
  60  7:05  Roach  
  60  7:06  Roach x2  
  66  7:11  Queen  
  66  7:27  Swarm Host x2  
  66  7:28  Swarm Host x2  
  53  7:41  Roach x4  
  53  7:42  Roach  
Show
View Real Time Build Order
Export as new Build Order

Metasapien Zerg 

Build Orders: Pool First 

Get SALT Encoding   

  12  0:01  Drone  
  13  0:23  Spawning Pool  
  13  0:27  Drone  
  13  0:30  Extractor  
  13  0:34  Drone  
  13  0:43  Drone  
  13  0:48  Overlord  
  14  1:07  Drone  
  14  1:08  Drone  
  16  1:12  Drone  
  17  1:32  Hatchery  
  16  1:35  Drone  
  16  1:38  Drone  
  18  1:48  Metabolic Boost  
  18  1:50  Drone  
  19  2:03  Zergling x2  
  20  2:09  Overlord  
  20  2:19  Zergling x2  
  21  2:29  Drone, Extractor  
  21  2:32  Roach Warren  
  20  2:38  Queen  
  20  2:39  Drone  
  23  2:48  Drone  
  23  2:50  Queen  
  26  3:01  Zergling x4  
  28  3:08  Drone x2  
  30  3:14  Roach  
  30  3:19  Overlord  
  32  3:30  Drone  
  32  3:31  Drone x2  
  35  3:42  Drone, Spore Crawler, Spine Crawler  
  34  3:50  Zergling x6, Roach  
  39  4:01  Drone x4  
  43  4:14  Drone  
  43  4:15  Overlord  
  43  4:16  Overlord  
  44  4:41  Drone x3  
  44  4:43  Drone  
  44  4:44  Drone  
  44  4:45  Drone x3  
  51  4:47  Hatchery, Roach  
  52  4:54  Zergling x2, Roach  
  52  4:55  Roach  
  55  5:02  Zergling x6  
  43  5:31  Extractor  
  43  5:32  Queen  
  43  5:33  Extractor  
  43  5:42  Roach  
  45  5:43  Roach x2  
  45  5:44  Zergling x4, Roach  
  45  5:45  Roach  
  54  6:03  Drone, Queen  
  56  6:11  Pneumatized Carapace  
  56  6:15  Spine Crawler  
  49  6:26  Lair  
  49  6:31  Drone x2  
  49  6:32  Drone x2  
  51  6:33  Drone x3  
  51  6:39  Queen, Ravager x3  
  59  6:43  Drone x2  
  59  6:44  Drone x2  
  59  6:46  Overlord  
  63  6:50  Overlord  
  63  6:54  Spore Crawler, Queen  
  63  6:59  Spine Crawler  
  63  7:00  Drone x2  
  65  7:02  Drone  
  64  7:11  Zergling x6  
  64  7:12  Zergling x2, Roach  
  64  7:13  Zergling x4  
  72  7:22  Evolution Chamber  
  71  7:28  Drone  
  71  7:29  Drone x3  
  75  7:31  Drone, Evolution Chamber  
  75  7:32  Drone x2  
  75  7:33  Drone x3  
  75  7:35  Roach  
  82  7:43  Overlord x4  
  88  8:05  Roach x3  
  88  8:06  Roach x5  
  94  8:17  Hydralisk Den  
Show
View Real Time Build Order
Export as new Build Order

Kswiss Protoss 

Build Orders:  

Get SALT Encoding   

  12  0:05  Probe (Chrono Boost)  
  13  0:19  Probe (Chrono Boost)  
  14  0:26  Pylon  
  14  0:29  Probe (Chrono Boost)  
  15  0:44  Probe (Chrono Boost)  
  16  0:52  Forge  
  16  0:56  Gateway  
  16  1:05  Probe (Chrono Boost), Assimilator  
  17  1:16  Probe (Chrono Boost)  
  18  1:19  Pylon  
  18  1:34  Probe (Chrono Boost)  
  19  1:41  Photon Cannon  
  19  1:44  Probe (Chrono Boost)  
  19  1:46  Photon Cannon  
  20  2:01  Photon Cannon  
  20  2:11  Cybernetics Core  
  20  2:15  Probe (Chrono Boost)  
  21  2:17  Assimilator  
  23  2:22  Zealot (Chrono Boost)  
  23  2:26  Probe  
  24  2:37  Photon Cannon  
  24  2:41  Probe  
  25  2:53  Zealot (Chrono Boost)  
  25  2:54  Probe  
  28  2:59  Stargate  
  28  3:16  Zealot (Chrono Boost)  
  30  3:49  Pylon  
  30  3:58  Pylon  
  30  4:05  Oracle (Chrono Boost)  
  33  4:12  Protoss Air Weapons Level 1 (Chrono Boost)  
  33  4:24  Protoss Shields Level 1 (Chrono Boost)  
  33  4:40  Void Ray  
  37  4:57  Nexus  
  37  5:32  Void Ray  
  41  5:35  Stargate  
  41  5:39  Pylon  
  41  6:25  Void Ray (Chrono Boost)  
  41  6:31  Void Ray (Chrono Boost)  
  47  6:35  Probe  
  48  6:41  Probe  
  48  6:42  Assimilator  
  48  6:45  Probe  
  50  6:50  Stargate  
  50  6:53  Probe  
  51  6:56  Probe  
  52  7:05  Probe  
  52  7:06  Probe  
  47  7:17  Probe  
  47  7:18  Probe  
  49  7:30  Probe  
  50  7:54  Assimilator  
Tags
 
Add a new tag
Caveats
  • Supply blocks, unpowered buildings, or Contaminate may cause inaccurate times.
  • Supply counts are checked every 10 seconds.